 Dungeon Crawl Stone Soup version 0.24.0-13-gcf9b3192b9 (webtiles) character file.

Game seed: 2123680777599190624, levelgen mode: deterministic

24 Nattfarinn the Vexing (level 2, 0/15 HPs)
             Began as a Vampire Enchanter on Nov 10, 2019.
             Slain by an adder (4 damage)
             ... on level 2 of the Dungeon.
             The game lasted 00:02:43 (898 turns).

Nattfarinn the Vexing (Vampire Enchanter)            Turns: 898, Time: 00:02:44

Health: 0/15       AC:  2    Str:  7    XL:     2   Next: 79%
Magic:  3/5        EV: 13    Int: 17    God:
Gold:   121        SH:  0    Dex: 14    Spells: 2/5 levels left

rFire    . . .     SeeInvis +   a - +1 dagger
rCold    + + .     Gourm    .   (no shield)
rNeg     + + +     Faith    .   b - +0 robe
rPois    ∞         Spirit   .   (no helmet)
rElec    .         Reflect  .   (no cloak)
rCorr    .         Harm     .   (no gloves)
MR       .....                  (no boots)
Stlth    +++++.....             (no amulet)
HPRegen  0.00/turn              (no ring)
MPRegen  0.09/turn              (no ring)

@: bloodless, regenerating quickly
A: no food, fangs 3, see invisible, unbreathing
a: Revivify


You were on level 2 of the Dungeon.
You were bloodless.

You visited 1 branch of the dungeon, and saw 2 of its levels.

You collected 121 gold pieces.

Inventory:

Hand Weapons
 a - a +1 dagger (weapon)
Armour
 b - a +0 robe (worn)
Jewellery
 k - an uncursed amulet of guardian spirit {unknown}
Scrolls
 d - a scroll of random uselessness {unknown}
 e - 2 scrolls of teleportation {unknown}
 g - a scroll of fear {unknown}
 m - a scroll of identify {unknown}
Potions
 c - a potion of agility {unknown}
 f - a potion of flight {unknown}
 h - a potion of heal wounds {unknown}
 i - a potion of haste {unknown}
 j - a potion of invisibility {unknown}
 l - a potion of berserk rage {unknown}


   Skills:
 + Level 1.4 Short Blades
 + Level 2.4 Dodging
 * Level 4.9 Stealth
 + Level 2.1 Spellcasting
 * Level 5.1 Hexes


You had 2 spell levels left.
You knew the following spells:

 Your Spells              Type           Power        Failure   Level  Hunger
a - Corona                Hex            ###....      2%          1    N/A
b - Ensorcelled Hibernat  Hex/Ice        ##....       10%         2    N/A

Your spell library contained the following spells:

 Spells                   Type           Power        Failure   Level  Hunger
 Confuse                  Hex            ###.....     7%          3    N/A
 Tukima's Dance           Hex            ###.....     7%          3    N/A
 Dazzling Spray           Conj/Hex       ##....       21%         3    N/A

Dungeon Overview and Level Annotations

Branches:
Dungeon (2/15)

Altars:
Xom


Innate Abilities, Weirdness & Mutations

You do not eat.
You do not regenerate when monsters are visible.
You are frail without blood (-20% HP).
You can heal yourself when you bite living creatures.
You are immune to poison.
You have razor-sharp teeth.
You have supernaturally acute eyesight. (SInv)
You can survive without breathing.


Message History

You miss the adder.
The adder is almost dead.
The adder misses you.
Casting: Corona (safe; 2% risk of failure)
Confirm with . or Enter, or press ? or * to list all spells.
Aiming: Corona (safe; 2% risk of failure)
Press: ? - help, Shift-Dir - straight line, f - adder
Aim: an adder (almost dead, chance to defeat MR: 66%)
Okay, then.
Casting: Corona (safe; 2% risk of failure)
Confirm with . or Enter, or press ? or * to list all spells.
Aiming: Ensorcelled Hibernation (safe; 10% risk of failure)
Press: ? - help, Shift-Dir - straight line, f - adder
Aim: an adder (almost dead, chance to defeat MR: 50%)
The adder resists with some effort.
The adder bites you but does no damage. The adder barely misses you.
You closely miss the adder.
The adder is almost dead.
The adder bites you.
You die...

..## #.......#.##### ##.#. #..#
#######...# #... #..# ###..##
##.. ######.### #...## #..
........<######)#.##### #..
................#.....#########..
S........############........##..
..............#######........##..
........>...#.sS@............##..
............#########........##..
.........##..# #........##..
.........##..# #.....)..##..
###########.# #.......†##.. ..
#########(... #.# #.... ## #....
#....


You could see an adder and a giant cockroach.

Vanquished Creatures
  An adder (D:1)
  An ooze (D:1)
  2 goblins
  A hobgoblin (D:2)
  2 jackals (D:1)
  A kobold (D:2)
  A frilled lizard (D:1)
  A rat (D:2)
10 creatures vanquished.

Notes
Turn   | Place    | Note
-------+----------+-------------------------------------------
     0 | D:1      | Nattfarinn the Vampire Enchanter began the quest for the
                  | Orb.
     0 | D:1      | Reached XP level 1. HP: 13/13 MP: 3/3
   245 | D:1      | Reached XP level 2. HP: 15/15 MP: 5/5
   523 | D:1      | Found a shimmering altar of Xom.
   625 | D:1      | Reached skill level 5 in Hexes
   692 | D:1      | Learned a level 2 spell: Ensorcelled Hibernation
   898 | D:2      | Slain by an adder

Levels and vault maps discovered:
D:1:      minmay_arrival_jagged, layout_loops_cross, xom_teletrap_fun
D:2:      layout_rooms, lemuel_coloured_pillars_altar, first_ration

Skill      XL: |  1  2 |
---------------+-------+-----
Hexes          | 5 |  5.1
Short Blades   | |  1.4
Dodging        | |  2.4
Stealth        | |  4.9
Spellcasting   | |  2.1

Action                   || total
-------------------------++-------
Melee: Dagger            ||    52
       Bite              ||     2
 Cast: Corona            ||     1
       Ensorcelled Hiber ||     1
 Abil: Exsanguinate      ||     1
 Stab: Sleeping          ||     3
Armor: Robe              ||     8
Dodge: Dodged            ||    33
